Stars vs Panthers

Created - March 7, 2017 at 18:09

Goals
1 2 3 T
Stars 2 3 1 6
Panthers 1 1 0 2
Shots
1 2 3 T
Stars 12 9 13 34
Panthers 8 6 9 23

1st period

1. Stars , Paul Stastny 19 (Jason Demers, Nikita Kucherov) at 3:08
2. Stars , Adam Pardy 3 (Sidney Crosby, Nikita Kucherov) at 6:05
3. Panthers , Adam Pelech 1 (Vladimir Tarasenko, Patrick Kane) at 12:24

Penalties :
Danny DeKeyser (FLA) for High sticking (Minor) at 8:01, Jonathan Quick (DAL) for Slashing (Minor) at 13:57 - Duncan Keith served the penalty., Sidney Crosby (DAL) for Hooking (Minor) at 18:51

2nd period

4. Stars , Nikita Kucherov 18 (Paul Stastny) at 10:14
5. Stars , Sidney Crosby 38 (Evgeni Malkin, Jonathan Huberdeau) at 11:33
6. Stars , Paul Byron 9 (Paul Stastny, Nikita Kucherov) at 11:58
7. Panthers , Patrick Kane 37 (Justin Braun) at 17:46

Penalties :
Artem Anisimov (FLA) for Roughing (Minor) at 9:07, Jason Demers (DAL) for Roughing (Minor) at 9:07

3rd period

8. Stars , Zdeno Chara 9 (Paul Stastny, Nikita Kucherov) at 1:24

Penalties :
Zdeno Chara (DAL) for Goalie Interference (Minor) at 7:25, Evgeni Malkin (DAL) for Roughing (Minor) at 19:58

Goalie Stats

Jonathan Quick (DAL), 21 saves from 23 shots - (0.913), W, 36-23-1, 60:00 minutes
Philipp Grubauer (FLA), 15 saves from 17 shots - (0.882), 28:27 minutes
Marc-Andre Fleury (FLA), 13 saves from 17 shots - (0.765), L, 35-21-3, 31:33 minutes

Players Stats for Stars

Player Name              G  A  P  +/- PIM S  H  SB GA TA FO     MP     PP MP  PK MP  
------------------------------------------------------------------------------------
Adam Pardy               1  0  1   3  0   1  0  0  0  0  0/0    14:23   0:00   2:31 
Brad Malone              0  0  0   0  0   0  0  0  0  0  0/0     0:03   0:00   0:03 
Brandon Manning          0  0  0   2  0   0  0  0  0  0  0/0    11:19   0:00   0:00 
Cody McLeod              0  0  0   0  0   0  1  0  0  0  0/1    12:10   0:00   0:00 
Dainius Zubrus           0  0  0   0  0   0  0  0  0  0  1/2     4:17   0:00   0:00 
Duncan Keith             0  0  0   0  0   0  1  1  0  0  0/0    26:19   1:01   2:57 
Evgeni Malkin            0  1  1   0  2   5  1  0  0  0  2/2    23:55   0:58   0:00 
Jason Demers             0  1  1   1  2   0  2  1  0  0  0/0    21:01   1:01   2:04 
John Klingberg           0  0  0   2  0   2  0  2  0  0  0/0    26:59   0:58   2:04 
John Mitchell            0  0  0   0  0   1  0  1  0  0  10/21  13:58   0:00   1:48 
Jonathan Huberdeau       0  1  1   0  0   4  0  0  0  0  0/1    19:20   1:01   0:00 
Mike Richards            0  0  0   0  0   3  0  1  0  0  0/0    13:58   0:00   1:48 
Nikita Kucherov          1  4  5   4  0   3  2  0  0  0  0/1    17:08   0:58   0:00 
Paul Byron               1  0  1   3  0   2  1  0  0  0  0/4    20:26   1:01   4:07 
Paul Stastny             1  3  4   3  0   8  0  0  0  0  15/36  25:26   1:01   4:10 
Shawn Thornton           0  0  0   0  0   0  0  0  0  0  0/0     0:45   0:00   0:00 
Sidney Crosby            1  1  2   1  2   4  1  0  0  0  21/28  20:35   0:58   0:00 
Zdeno Chara              1  0  1   0  2   1  3  1  0  0  0/0    19:57   0:58   2:20 

Players Stats for Panthers

Player Name              G  A  P  +/- PIM S  H  SB GA TA FO     MP     PP MP  PK MP  
------------------------------------------------------------------------------------
Adam Pelech              1  0  1  -2  0   1  0  1  0  0  0/0    17:53   0:00   0:43 
Alex Tanguay             0  0  0  -1  0   1  0  0  0  0  0/0    14:14   0:00   0:01 
Artem Anisimov           0  0  0   0  2   2  1  0  0  0  11/17  17:00   3:12   0:31 
Brian ONeill             0  0  0  -3  0   0  1  0  0  0  0/1    17:07   0:00   0:00 
Danny DeKeyser           0  0  0  -2  2   1  2  2  0  0  0/0    21:02   2:37   0:00 
Dennis Rasmussen         0  0  0  -1  0   1  3  0  0  0  1/3    18:31   0:00   0:04 
Jacob Trouba             0  0  0   0  0   0  0  0  0  0  0/0     0:00   0:00   0:00 
Jesper Fast              0  0  0   1  0   2  1  0  0  0  0/1    19:03   2:46   0:43 
Joe Vitale               0  0  0   1  0   0  0  0  0  0  0/0     1:36   0:00   0:24 
Julian Melchiori         0  0  0   0  0   0  0  0  0  0  0/0     0:00   0:00   0:00 
Justin Braun             0  1  1  -1  0   3  4  3  0  0  0/0    25:26   3:21   1:16 
Matt Duchene             0  0  0  -2  0   3  0  0  0  0  17/36  23:26   3:12   1:04 
Mikkel Boedker           0  0  0  -1  0   0  0  0  0  0  1/1    21:39   3:12   0:00 
Patrick Kane             1  1  2  -2  0   4  0  1  0  0  15/31  21:05   2:46   0:00 
T.J. Brodie              0  0  0  -1  0   0  0  3  0  0  0/0    25:02   3:21   0:52 
Trevor van Riemsdyk      0  0  0  -1  0   0  1  0  0  0  0/0    12:48   0:00   0:00 
Tyler Myers              0  0  0  -1  0   0  0  1  0  0  0/0    17:48   2:37   1:07 
Vladimir Tarasenko       0  1  1  -3  0   5  1  0  0  0  2/6    22:20   2:46   1:11 

3 Stars

1 - Nikita Kucherov (DAL)
2 - Paul Stastny (DAL)
3 - Paul Byron (DAL)

Power Play

Stars - 0 on 1 Attempt(s) - 0.00%
Panthers - 0 on 4 Attempt(s) - 0.00%

Penalty Kill

Stars - 4 on 4 Attempt(s) - 100.00% - Score 0 goal in Penalty Kill
Panthers - 1 on 1 Attempt(s) - 100.00% - Score 0 goal in Penalty Kill

Team Stat

Stars - Hits : 12 - Faceoff Wins : 49 - Blocked Shots : 7 - Penalty Minutes : 10
Panthers - Hits : 14 - Faceoff Wins : 47 - Blocked Shots : 11 - Penalty Minutes : 4

Official

Referees : Evgeny Romasko and Brian Pochmara
Linesman : Shane Heyer and Brian Mach

Game Notes

Philipp Grubauer enters game at 11:33 of 2nd period

Finance

Level 1 -- Attendance: 5741 (95.68%) -- Ticket Income $614,287
Level 2 -- Attendance: 4823 (96.46%) -- Ticket Income $361,725
Level 3 -- Attendance: 3188 (91.09%) -- Ticket Income $156,212
Level 4 -- Attendance: 2808 (74.88%) -- Ticket Income $64,584
Luxury Box -- Attendance: 918 (91.80%) -- Ticket Income $186,354
Game was played at the BBT Center.
Total Attendance: 17478 (90.79%)
Total Ticket Income: $1,383,162
Other Income: $207,474
Total Income: $1,590,636

% Time on Ice - Stars

Lines # - Real PCT - Wanted PCT - Time Play
Normal Forward
1 - 37% - 37% - 18:19
2 - 31% - 33% - 15:18
3 - 24% - 19% - 12:10
4 - 9% - 11% - 4:17
Normal Defense
1 - 31% - 35% - 15:33
2 - 34% - 35% - 17:12
3 - 23% - 15% - 11:19
4 - 12% - 15% - 6:00
PP Forward
1 - 49% - 55% - 0:58
2 - 51% - 45% - 1:01
PP Defense
1 - 51% - 50% - 1:01
2 - 49% - 50% - 0:58
PK Forward
1 - 70% - 60% - 4:10
2 - 30% - 40% - 1:48
PK Defense
1 - 65% - 50% - 3:54
2 - 35% - 50% - 2:04
PK3 Forward
1 - 0% - 55%
2 - 0% - 45%
PK3 Defense
1 - 0% - 50%
2 - 0% - 50%
44 Forward
1 - 56% - 50% - 1:07
2 - 44% - 50% - 0:52
44 Defense
1 - 44% - 50% - 0:52
2 - 56% - 50% - 1:07
Last Minute Offensive  - 0:00
Last Minute Defensive  - 0:00
Total
Forward - 60:00
Defense - 60:00

% Time on Ice - Panthers

Lines # - Real PCT - Wanted PCT - Time Play
Normal Forward
1 - 37% - 37% - 18:27
2 - 34% - 33% - 17:07
3 - 27% - 25% - 13:18
4 - 2% - 5% - 1:12
Normal Defense
1 - 40% - 40% - 20:06
2 - 34% - 35% - 17:10
3 - 26% - 25% - 12:48
4 - 0% - 0% - 0:00
PP Forward
1 - 54% - 50% - 3:12
2 - 46% - 50% - 2:46
PP Defense
1 - 56% - 60% - 3:21
2 - 44% - 40% - 2:37
PK Forward
1 - 40% - 50% - 0:48
2 - 60% - 50% - 1:11
PK Defense
1 - 56% - 60% - 1:07
2 - 44% - 40% - 0:52
PK3 Forward
1 - 0% - 60%
2 - 0% - 40%
PK3 Defense
1 - 0% - 60%
2 - 0% - 40%
44 Forward
1 - 100% - 60% - 1:59
2 - 0% - 40% - 0:00
44 Defense
1 - 64% - 60% - 1:16
2 - 36% - 40% - 0:43
Last Minute Offensive  - 0:00
Last Minute Defensive  - 0:00
Total
Forward - 60:00
Defense - 60:00

Play by Play

1st period


0:01 of 1st period - Sidney Crosby wins face-off versus Matt Duchene in neutral zone.
0:25 of 1st period - Icing by T.J. Brodie.
0:26 of 1st period - Matt Duchene wins face-off versus Paul Stastny in Panthers zone.
0:28 of 1st period - Icing by Justin Braun.
0:29 of 1st period - Matt Duchene wins face-off versus Paul Stastny in Panthers zone.
0:46 of 1st period - Shot by Matt Duchene.
0:46 of 1st period - Shot Misses the Net.
1:45 of 1st period - Shot by Mike Richards.
1:45 of 1st period - Shot Misses the Net.
1:47 of 1st period - Shot by Mike Richards.
1:47 of 1st period - Stopped by Marc-Andre Fleury with a rebound.
2:39 of 1st period - Shot by Evgeni Malkin.
2:39 of 1st period - Shot Misses the Net.
2:42 of 1st period - Icing by Brian ONeill.
2:43 of 1st period - Patrick Kane wins face-off versus Paul Stastny in Panthers zone.
2:45 of 1st period - Icing by Danny DeKeyser.
2:46 of 1st period - Patrick Kane wins face-off versus Paul Stastny in Panthers zone.
3:04 of 1st period - Shot by Nikita Kucherov.
3:04 of 1st period - Shot Blocked by Adam Pelech.
3:08 of 1st period - Shot by Paul Stastny.
3:08 of 1st period - Goal by Paul Stastny - Stars : 1 - Panthers : 0.
3:09 of 1st period - Sidney Crosby wins face-off versus Artem Anisimov in neutral zone.
3:43 of 1st period - Icing by Tyler Myers.
3:44 of 1st period - Artem Anisimov wins face-off versus John Mitchell in Panthers zone.
4:05 of 1st period - Shot by John Mitchell.
4:05 of 1st period - Shot Misses the Net.
5:11 of 1st period - Shot by Evgeni Malkin.
5:11 of 1st period - Shot Misses the Net.
6:01 of 1st period - Shot by Sidney Crosby.
6:01 of 1st period - Shot Misses the Net.
6:03 of 1st period - Shot by Sidney Crosby.
6:03 of 1st period - Shot Blocked by Patrick Kane.
6:05 of 1st period - Shot by Adam Pardy.
6:05 of 1st period - Goal by Adam Pardy - Stars : 2 - Panthers : 0.
6:06 of 1st period - Sidney Crosby wins face-off versus Patrick Kane in neutral zone.
6:11 of 1st period - Shot by Jonathan Huberdeau.
6:11 of 1st period - Stopped by Marc-Andre Fleury without a rebound.
6:12 of 1st period - Paul Stastny wins face-off versus Patrick Kane in Panthers zone.
6:42 of 1st period - Shot by Paul Stastny.
6:42 of 1st period - Stopped by Marc-Andre Fleury without a rebound.
6:43 of 1st period - Artem Anisimov wins face-off versus John Mitchell in Panthers zone.
6:50 of 1st period - Shot by Alex Tanguay.
6:50 of 1st period - Stopped by Jonathan Quick without a rebound.
6:51 of 1st period - Artem Anisimov wins face-off versus Sidney Crosby in Stars zone.
8:01 of 1st period - Minor Penalty to Danny DeKeyser for High sticking.
8:02 of 1st period - Matt Duchene wins face-off versus Paul Stastny in Panthers zone.
8:15 of 1st period - Shot by Duncan Keith.
8:15 of 1st period - Deflect By Paul Stastny.
8:15 of 1st period - Stopped by Marc-Andre Fleury with a rebound.
8:17 of 1st period - Shot by Jason Demers.
8:17 of 1st period - Deflect By Jonathan Huberdeau.
8:17 of 1st period - Stopped by Marc-Andre Fleury without a rebound.
8:18 of 1st period - Matt Duchene wins face-off versus Sidney Crosby in Panthers zone.
8:55 of 1st period - John Klingberg is hit by Jesper Fast and loses puck.
9:59 of 1st period - Shot by Vladimir Tarasenko.
9:59 of 1st period - Stopped by Jonathan Quick without a rebound.
10:00 of 1st period - Matt Duchene wins face-off versus Sidney Crosby in Stars zone.
10:14 of 1st period - Off-side.
10:15 of 1st period - John Mitchell wins face-off versus Patrick Kane in neutral zone.
10:36 of 1st period - Shot by Mike Richards.
10:36 of 1st period - Stopped by Marc-Andre Fleury without a rebound.
10:37 of 1st period - Paul Stastny wins face-off versus Matt Duchene in Panthers zone.
10:38 of 1st period - Shot by Nikita Kucherov.
10:38 of 1st period - Stopped by Marc-Andre Fleury with a rebound.
10:40 of 1st period - Shot by Jason Demers.
10:40 of 1st period - Shot Blocked by T.J. Brodie.
10:42 of 1st period - Shot by Nikita Kucherov.
10:42 of 1st period - Stopped by Marc-Andre Fleury with a rebound.
11:14 of 1st period - Shot by Matt Duchene.
11:14 of 1st period - Deflect By Mikkel Boedker.
11:14 of 1st period - Shot Misses the Net.
11:23 of 1st period - Icing by T.J. Brodie.
11:24 of 1st period - Sidney Crosby wins face-off versus Dennis Rasmussen in Panthers zone.
11:42 of 1st period - Icing by Duncan Keith.
11:43 of 1st period - Sidney Crosby wins face-off versus Patrick Kane in Stars zone.
12:20 of 1st period - Shot by Vladimir Tarasenko.
12:20 of 1st period - Shot Misses the Net.
12:22 of 1st period - Shot by Vladimir Tarasenko.
12:22 of 1st period - Shot Misses the Net.
12:24 of 1st period - Shot by Adam Pelech.
12:24 of 1st period - Goal by Adam Pelech - Stars : 2 - Panthers : 1.
12:25 of 1st period - Artem Anisimov wins face-off versus Paul Stastny in neutral zone.
12:32 of 1st period - Shot by Alex Tanguay.
12:32 of 1st period - Deflect By Artem Anisimov.
12:32 of 1st period - Shot Misses the Net.
13:05 of 1st period - Shot by John Klingberg.
13:05 of 1st period - Stopped by Marc-Andre Fleury without a rebound.
13:06 of 1st period - Matt Duchene wins face-off versus John Mitchell in Panthers zone.
13:19 of 1st period - Shot by Mikkel Boedker.
13:19 of 1st period - Shot Blocked by John Mitchell.
13:25 of 1st period - Shot by Matt Duchene.
13:25 of 1st period - Deflect By Mikkel Boedker.
13:25 of 1st period - Shot Blocked by Mike Richards.
13:27 of 1st period - Shot by Dennis Rasmussen.
13:27 of 1st period - Stopped by Jonathan Quick without a rebound.
13:28 of 1st period - Sidney Crosby wins face-off versus Patrick Kane in Stars zone.
13:32 of 1st period - Icing by Evgeni Malkin.
13:33 of 1st period - Sidney Crosby wins face-off versus Patrick Kane in Stars zone.
13:33 of 1st period - Sidney Crosby is hit by Brian ONeill.
13:41 of 1st period - Shot by Jonathan Huberdeau.
13:41 of 1st period - Shot Misses the Net.
13:57 of 1st period - Shot by Patrick Kane.
13:57 of 1st period - Stopped by Jonathan Quick without a rebound.
13:57 of 1st period - Minor Penalty to Jonathan Quick for Slashing.
13:58 of 1st period - Matt Duchene wins face-off versus Paul Stastny in Stars zone.
15:02 of 1st period - Icing by Mikkel Boedker.
15:03 of 1st period - Paul Stastny wins face-off versus Matt Duchene in Panthers zone.
15:12 of 1st period - Jason Demers is hit by Artem Anisimov and loses puck.
16:54 of 1st period - Shot by Jesper Fast.
16:54 of 1st period - Shot Misses the Net.
16:56 of 1st period - Shot by Artem Anisimov.
16:56 of 1st period - Stopped by Jonathan Quick without a rebound.
16:57 of 1st period - Paul Stastny wins face-off versus Matt Duchene in Stars zone.
16:57 of 1st period - Paul Stastny is hit by Dennis Rasmussen.
17:12 of 1st period - Nikita Kucherov is hit by Justin Braun.
17:16 of 1st period - Shot by Paul Stastny.
17:16 of 1st period - Shot Misses the Net.
17:18 of 1st period - Shot by Paul Byron.
17:18 of 1st period - Deflect By Nikita Kucherov.
17:18 of 1st period - Shot Misses the Net.
17:20 of 1st period - Shot by Paul Byron.
17:20 of 1st period - Stopped by Marc-Andre Fleury without a rebound.
17:21 of 1st period - John Mitchell wins face-off versus Patrick Kane in Panthers zone.
17:35 of 1st period - Icing by Danny DeKeyser.
17:36 of 1st period - Sidney Crosby wins face-off versus Patrick Kane in Panthers zone.
18:08 of 1st period - Icing by Jason Demers.
18:09 of 1st period - Sidney Crosby wins face-off versus Matt Duchene in Stars zone.
18:16 of 1st period - Shot by John Klingberg.
18:16 of 1st period - Shot Misses the Net.
18:51 of 1st period - Minor Penalty to Sidney Crosby for Hooking.
18:52 of 1st period - Patrick Kane wins face-off versus Paul Stastny in Stars zone.
19:05 of 1st period - Shot by Vladimir Tarasenko.
19:05 of 1st period - Shot Blocked by Zdeno Chara.
19:07 of 1st period - Shot by Danny DeKeyser.
19:07 of 1st period - Stopped by Jonathan Quick without a rebound.
19:08 of 1st period - Paul Stastny wins face-off versus Matt Duchene in Stars zone.
19:22 of 1st period - Tyler Myers is hit by Duncan Keith and loses puck.
19:30 of 1st period - Icing by Danny DeKeyser.
19:31 of 1st period - Paul Stastny wins face-off versus Matt Duchene in Panthers zone.
19:49 of 1st period - Shot by Matt Duchene.
19:49 of 1st period - Stopped by Jonathan Quick without a rebound.
19:50 of 1st period - Patrick Kane wins face-off versus John Mitchell in Stars zone.
Goals for this period are 2 for Stars vs 1 for Panthers.
Shots for this period are 12 for Stars vs 8 for Panthers.

2nd period


0:01 of 2nd period - Paul Stastny wins face-off versus Patrick Kane in neutral zone.
0:45 of 2nd period - Shot by Vladimir Tarasenko.
0:45 of 2nd period - Stopped by Jonathan Quick without a rebound.
0:46 of 2nd period - Matt Duchene wins face-off versus Paul Stastny in Stars zone.
2:00 of 2nd period - Off-side.
2:01 of 2nd period - Paul Stastny wins face-off versus Jesper Fast in neutral zone.
3:32 of 2nd period - Shot by Evgeni Malkin.
3:32 of 2nd period - Stopped by Marc-Andre Fleury without a rebound.
3:33 of 2nd period - Dennis Rasmussen wins face-off versus John Mitchell in Panthers zone.
3:58 of 2nd period - Shot by John Mitchell.
3:58 of 2nd period - Shot Hit the Post.
4:53 of 2nd period - Off-side.
4:54 of 2nd period - Paul Stastny wins face-off versus Patrick Kane in neutral zone.
4:59 of 2nd period - Adam Pelech is hit by Nikita Kucherov and loses puck.
5:48 of 2nd period - Patrick Kane is hit by Zdeno Chara and loses puck.
6:32 of 2nd period - Off-side.
6:33 of 2nd period - Matt Duchene wins face-off versus John Mitchell in neutral zone.
7:02 of 2nd period - Shot by Mikkel Boedker.
7:02 of 2nd period - Shot Misses the Net.
7:17 of 2nd period - Icing by Trevor van Riemsdyk.
7:18 of 2nd period - Paul Stastny wins face-off versus Matt Duchene in Panthers zone.
7:29 of 2nd period - Icing by Tyler Myers.
7:30 of 2nd period - Sidney Crosby wins face-off versus Matt Duchene in Panthers zone.
7:58 of 2nd period - Off-side.
7:59 of 2nd period - Patrick Kane wins face-off versus Paul Stastny in neutral zone.
7:59 of 2nd period - T.J. Brodie is hit by Nikita Kucherov and loses puck.
8:15 of 2nd period - Shot by Paul Stastny.
8:15 of 2nd period - Shot Misses the Net.
8:36 of 2nd period - Vladimir Tarasenko is hit by Jason Demers.
8:47 of 2nd period - Icing by Jason Demers.
8:48 of 2nd period - Artem Anisimov wins face-off versus Nikita Kucherov in Stars zone.
9:07 of 2nd period - Minor Penalty to Artem Anisimov for Roughing.
9:07 of 2nd period - Minor Penalty to Jason Demers for Roughing.
9:08 of 2nd period - Sidney Crosby wins face-off versus Vladimir Tarasenko in Stars zone.
9:33 of 2nd period - Shot by Jesper Fast.
9:33 of 2nd period - Shot Misses the Net.
10:14 of 2nd period - Shot by Nikita Kucherov.
10:14 of 2nd period - Goal by Nikita Kucherov - Stars : 3 - Panthers : 1.
10:15 of 2nd period - Paul Stastny wins face-off versus Matt Duchene in neutral zone.
10:34 of 2nd period - Shot by Paul Stastny.
10:34 of 2nd period - Stopped by Marc-Andre Fleury without a rebound.
10:35 of 2nd period - Sidney Crosby wins face-off versus Vladimir Tarasenko in Panthers zone.
10:44 of 2nd period - Shot by Sidney Crosby.
10:44 of 2nd period - Shot Blocked by Danny DeKeyser.
10:47 of 2nd period - Icing by Danny DeKeyser.
10:48 of 2nd period - Paul Stastny wins face-off versus Vladimir Tarasenko in Panthers zone.
11:07 of 2nd period - Shot by Paul Stastny.
11:07 of 2nd period - Stopped by Marc-Andre Fleury without a rebound.
11:08 of 2nd period - Matt Duchene wins face-off versus Sidney Crosby in Panthers zone.
11:23 of 2nd period - Shot by Sidney Crosby.
11:23 of 2nd period - Shot Blocked by Justin Braun.
11:25 of 2nd period - Shot by Evgeni Malkin.
11:25 of 2nd period - Shot Misses the Net.
11:33 of 2nd period - Shot by Sidney Crosby.
11:33 of 2nd period - Goal by Sidney Crosby - Stars : 4 - Panthers : 1.
11:33 of 2nd period - Philipp Grubauer enters game.
11:34 of 2nd period - John Mitchell wins face-off versus Artem Anisimov in neutral zone.
11:36 of 2nd period - John Klingberg is hit by Trevor van Riemsdyk and loses puck.
11:42 of 2nd period - Off-side.
11:43 of 2nd period - Paul Stastny wins face-off versus Vladimir Tarasenko in neutral zone.
11:51 of 2nd period - Paul Stastny is hit by Danny DeKeyser and loses puck.
11:56 of 2nd period - Shot by Paul Byron.
11:56 of 2nd period - Shot Misses the Net.
11:58 of 2nd period - Shot by Paul Byron.
11:58 of 2nd period - Goal by Paul Byron - Stars : 5 - Panthers : 1.
11:59 of 2nd period - Matt Duchene wins face-off versus Jonathan Huberdeau in neutral zone.
12:14 of 2nd period - Shot by Mikkel Boedker.
12:14 of 2nd period - Shot Misses the Net.
12:32 of 2nd period - Shot by Dennis Rasmussen.
12:32 of 2nd period - Shot Blocked by Jason Demers.
13:23 of 2nd period - Icing by Duncan Keith.
13:24 of 2nd period - Artem Anisimov wins face-off versus Paul Byron in Stars zone.
13:28 of 2nd period - Icing by Duncan Keith.
13:29 of 2nd period - Artem Anisimov wins face-off versus Paul Stastny in Stars zone.
13:55 of 2nd period - Icing by Paul Byron.
13:56 of 2nd period - Patrick Kane wins face-off versus Paul Stastny in Stars zone.
14:16 of 2nd period - Off-side.
14:17 of 2nd period - Matt Duchene wins face-off versus Sidney Crosby in neutral zone.
14:35 of 2nd period - Shot by Matt Duchene.
14:35 of 2nd period - Stopped by Jonathan Quick without a rebound.
14:36 of 2nd period - Patrick Kane wins face-off versus John Mitchell in Stars zone.
14:39 of 2nd period - Shot by Vladimir Tarasenko.
14:39 of 2nd period - Deflect By Patrick Kane.
14:39 of 2nd period - Stopped by Jonathan Quick without a rebound.
14:40 of 2nd period - Evgeni Malkin wins face-off versus Brian ONeill in Stars zone.
14:50 of 2nd period - Patrick Kane is hit by Jason Demers and loses puck.
14:58 of 2nd period - Icing by John Klingberg.
14:59 of 2nd period - Sidney Crosby wins face-off versus Matt Duchene in Stars zone.
14:59 of 2nd period - Jonathan Huberdeau is hit by Dennis Rasmussen and loses puck.
15:07 of 2nd period - John Klingberg is hit by Danny DeKeyser and loses puck.
15:35 of 2nd period - Icing by Adam Pelech.
15:36 of 2nd period - Matt Duchene wins face-off versus Paul Byron in Panthers zone.
16:19 of 2nd period - Shot by Nikita Kucherov.
16:19 of 2nd period - Deflect By Paul Stastny.
16:19 of 2nd period - Stopped by Philipp Grubauer without a rebound.
16:20 of 2nd period - John Mitchell wins face-off versus Patrick Kane in Panthers zone.
16:33 of 2nd period - Shot by John Mitchell.
16:33 of 2nd period - Deflect By Mike Richards.
16:33 of 2nd period - Shot Blocked by Justin Braun.
17:03 of 2nd period - Shot by Patrick Kane.
17:03 of 2nd period - Deflect By Vladimir Tarasenko.
17:03 of 2nd period - Stopped by Jonathan Quick without a rebound.
17:04 of 2nd period - Sidney Crosby wins face-off versus Artem Anisimov in Stars zone.
17:28 of 2nd period - Shot by Jesper Fast.
17:28 of 2nd period - Stopped by Jonathan Quick without a rebound.
17:29 of 2nd period - Patrick Kane wins face-off versus Paul Stastny in Stars zone.
17:46 of 2nd period - Shot by Patrick Kane.
17:46 of 2nd period - Goal by Patrick Kane - Stars : 5 - Panthers : 2.
17:47 of 2nd period - Sidney Crosby wins face-off versus Matt Duchene in neutral zone.
17:50 of 2nd period - Danny DeKeyser is hit by Sidney Crosby and loses puck.
18:13 of 2nd period - Shot by Evgeni Malkin.
18:13 of 2nd period - Stopped by Philipp Grubauer without a rebound.
18:14 of 2nd period - Patrick Kane wins face-off versus Paul Byron in Panthers zone.
18:24 of 2nd period - Patrick Kane is hit by Zdeno Chara and loses puck.
19:31 of 2nd period - Shot by Jonathan Huberdeau.
19:31 of 2nd period - Stopped by Philipp Grubauer without a rebound.
19:32 of 2nd period - John Mitchell wins face-off versus Matt Duchene in Panthers zone.
19:53 of 2nd period - Trevor van Riemsdyk is hit by Cody McLeod and loses puck.
Goals for this period are 3 for Stars vs 1 for Panthers.
Shots for this period are 9 for Stars vs 6 for Panthers.

3rd period


0:01 of 3rd period - Dainius Zubrus wins face-off versus Artem Anisimov in neutral zone.
0:34 of 3rd period - Shot by Evgeni Malkin.
0:34 of 3rd period - Shot Blocked by T.J. Brodie.
0:40 of 3rd period - Shot by Evgeni Malkin.
0:40 of 3rd period - Stopped by Philipp Grubauer without a rebound.
0:41 of 3rd period - John Mitchell wins face-off versus Matt Duchene in Panthers zone.
0:50 of 3rd period - Shot by John Mitchell.
0:50 of 3rd period - Shot Misses the Net.
1:09 of 3rd period - Shot by John Mitchell.
1:09 of 3rd period - Stopped by Philipp Grubauer without a rebound.
1:10 of 3rd period - Vladimir Tarasenko wins face-off versus Paul Byron in Panthers zone.
1:22 of 3rd period - Shot by Paul Stastny.
1:22 of 3rd period - Shot Blocked by Tyler Myers.
1:24 of 3rd period - Shot by Zdeno Chara.
1:24 of 3rd period - Goal by Zdeno Chara - Stars : 6 - Panthers : 2.
1:25 of 3rd period - Sidney Crosby wins face-off versus Artem Anisimov in neutral zone.
1:43 of 3rd period - Shot by Sidney Crosby.
1:43 of 3rd period - Stopped by Philipp Grubauer with a rebound.
1:55 of 3rd period - Shot by Evgeni Malkin.
1:55 of 3rd period - Shot Blocked by T.J. Brodie.
1:57 of 3rd period - Shot by Evgeni Malkin.
1:57 of 3rd period - Shot Misses the Net.
2:29 of 3rd period - Shot by Paul Stastny.
2:29 of 3rd period - Stopped by Philipp Grubauer without a rebound.
2:30 of 3rd period - John Mitchell wins face-off versus Patrick Kane in Panthers zone.
2:56 of 3rd period - Shot by Patrick Kane.
2:56 of 3rd period - Stopped by Jonathan Quick without a rebound.
2:57 of 3rd period - Paul Stastny wins face-off versus Matt Duchene in Stars zone.
3:27 of 3rd period - Shot by Paul Byron.
3:27 of 3rd period - Shot Misses the Net.
3:32 of 3rd period - Icing by Tyler Myers.
3:33 of 3rd period - Sidney Crosby wins face-off versus Matt Duchene in Panthers zone.
4:00 of 3rd period - Shot by Sidney Crosby.
4:00 of 3rd period - Deflect By Evgeni Malkin.
4:00 of 3rd period - Stopped by Philipp Grubauer without a rebound.
4:01 of 3rd period - John Mitchell wins face-off versus Patrick Kane in Panthers zone.
4:26 of 3rd period - Shot by Vladimir Tarasenko.
4:26 of 3rd period - Shot Blocked by Duncan Keith.
4:28 of 3rd period - Shot by T.J. Brodie.
4:28 of 3rd period - Shot Misses the Net.
4:30 of 3rd period - Shot by Justin Braun.
4:30 of 3rd period - Stopped by Jonathan Quick without a rebound.
4:31 of 3rd period - Artem Anisimov wins face-off versus Dainius Zubrus in Stars zone.
5:07 of 3rd period - Shot by Evgeni Malkin.
5:07 of 3rd period - Shot Blocked by Danny DeKeyser.
5:15 of 3rd period - Shot by Paul Stastny.
5:15 of 3rd period - Stopped by Philipp Grubauer without a rebound.
5:16 of 3rd period - Vladimir Tarasenko wins face-off versus Cody McLeod in Panthers zone.
6:04 of 3rd period - Icing by John Mitchell.
6:05 of 3rd period - Matt Duchene wins face-off versus John Mitchell in Stars zone.
6:11 of 3rd period - Off-side.
6:12 of 3rd period - Matt Duchene wins face-off versus Paul Stastny in neutral zone.
6:33 of 3rd period - Shot by Matt Duchene.
6:33 of 3rd period - Shot Misses the Net.
6:56 of 3rd period - Icing by Paul Byron.
6:57 of 3rd period - Artem Anisimov wins face-off versus Paul Stastny in Stars zone.
7:19 of 3rd period - Artem Anisimov is hit by Zdeno Chara and loses puck.
7:25 of 3rd period - Minor Penalty to Zdeno Chara for Goalie Interference.
7:26 of 3rd period - Patrick Kane wins face-off versus John Mitchell in Stars zone.
7:33 of 3rd period - Shot by Tyler Myers.
7:33 of 3rd period - Shot Misses the Net.
7:37 of 3rd period - Shot by Jesper Fast.
7:37 of 3rd period - Deflect By Patrick Kane.
7:37 of 3rd period - Shot Misses the Net.
7:39 of 3rd period - Shot by Jesper Fast.
7:39 of 3rd period - Stopped by Jonathan Quick without a rebound.
7:40 of 3rd period - Matt Duchene wins face-off versus Paul Stastny in Stars zone.
8:22 of 3rd period - Shot by Artem Anisimov.
8:22 of 3rd period - Stopped by Jonathan Quick with a rebound.
8:44 of 3rd period - Duncan Keith is hit by Vladimir Tarasenko and loses puck.
8:53 of 3rd period - Shot by Jesper Fast.
8:53 of 3rd period - Shot Misses the Net.
8:55 of 3rd period - Shot by Vladimir Tarasenko.
8:55 of 3rd period - Shot Misses the Net.
9:09 of 3rd period - Shot by Vladimir Tarasenko.
9:09 of 3rd period - Shot Misses the Net.
9:27 of 3rd period - Sidney Crosby is hit by Dennis Rasmussen and loses puck.
9:48 of 3rd period - Shot by Mikkel Boedker.
9:48 of 3rd period - Shot Misses the Net.
9:50 of 3rd period - Shot by Trevor van Riemsdyk.
9:50 of 3rd period - Shot Blocked by John Klingberg.
9:54 of 3rd period - Shot by Matt Duchene.
9:54 of 3rd period - Shot Misses the Net.
10:14 of 3rd period - Shot by Artem Anisimov.
10:14 of 3rd period - Deflect By Jesper Fast.
10:14 of 3rd period - Shot Misses the Net.
10:28 of 3rd period - Icing by John Klingberg.
10:29 of 3rd period - Sidney Crosby wins face-off versus Patrick Kane in Stars zone.
10:41 of 3rd period - Shot by Vladimir Tarasenko.
10:41 of 3rd period - Shot Misses the Net.
10:43 of 3rd period - Shot by Justin Braun.
10:43 of 3rd period - Stopped by Jonathan Quick without a rebound.
10:44 of 3rd period - Patrick Kane wins face-off versus John Mitchell in Stars zone.
10:45 of 3rd period - Shot by Vladimir Tarasenko.
10:45 of 3rd period - Stopped by Jonathan Quick with a rebound.
12:00 of 3rd period - Icing by Matt Duchene.
12:01 of 3rd period - Paul Stastny wins face-off versus Dennis Rasmussen in Panthers zone.
12:45 of 3rd period - Shot by Artem Anisimov.
12:45 of 3rd period - Deflect By Jesper Fast.
12:45 of 3rd period - Shot Misses the Net.
12:47 of 3rd period - Shot by Alex Tanguay.
12:47 of 3rd period - Deflect By Jesper Fast.
12:47 of 3rd period - Shot Misses the Net.
13:32 of 3rd period - Icing by Duncan Keith.
13:33 of 3rd period - Patrick Kane wins face-off versus Paul Stastny in Stars zone.
13:34 of 3rd period - Shot by Vladimir Tarasenko.
13:34 of 3rd period - Stopped by Jonathan Quick with a rebound.
13:37 of 3rd period - Icing by John Klingberg.
13:38 of 3rd period - Patrick Kane wins face-off versus Paul Stastny in Stars zone.
13:39 of 3rd period - Shot by Vladimir Tarasenko.
13:39 of 3rd period - Shot Misses the Net.
14:06 of 3rd period - Icing by T.J. Brodie.
14:07 of 3rd period - Patrick Kane wins face-off versus John Mitchell in Panthers zone.
14:19 of 3rd period - Mike Richards is hit by Justin Braun and loses puck.
15:02 of 3rd period - Shot by Matt Duchene.
15:02 of 3rd period - Stopped by Jonathan Quick without a rebound.
15:03 of 3rd period - Artem Anisimov wins face-off versus Sidney Crosby in Stars zone.
15:44 of 3rd period - Shot by Sidney Crosby.
15:44 of 3rd period - Stopped by Philipp Grubauer with a rebound.
15:47 of 3rd period - Icing by Jesper Fast.
15:48 of 3rd period - Artem Anisimov wins face-off versus Paul Stastny in Panthers zone.
15:48 of 3rd period - Artem Anisimov is hit by Paul Byron.
16:53 of 3rd period - Shot by Matt Duchene.
16:53 of 3rd period - Shot Blocked by John Klingberg.
17:04 of 3rd period - Off-side.
17:05 of 3rd period - Sidney Crosby wins face-off versus Patrick Kane in neutral zone.
17:08 of 3rd period - Justin Braun is hit by Evgeni Malkin and loses puck.
17:32 of 3rd period - Shot by Jonathan Huberdeau.
17:32 of 3rd period - Stopped by Philipp Grubauer without a rebound.
17:33 of 3rd period - John Mitchell wins face-off versus Artem Anisimov in Panthers zone.
17:57 of 3rd period - Off-side.
17:58 of 3rd period - Evgeni Malkin wins face-off versus Matt Duchene in neutral zone.
18:21 of 3rd period - Shot by Justin Braun.
18:21 of 3rd period - Stopped by Jonathan Quick without a rebound.
18:22 of 3rd period - John Mitchell wins face-off versus Patrick Kane in Stars zone.
18:37 of 3rd period - Shot by Mike Richards.
18:37 of 3rd period - Stopped by Philipp Grubauer without a rebound.
18:38 of 3rd period - Mikkel Boedker wins face-off versus Sidney Crosby in Panthers zone.
18:45 of 3rd period - Shot by Jonathan Huberdeau.
18:45 of 3rd period - Shot Blocked by Justin Braun.
19:00 of 3rd period - Sidney Crosby is hit by Justin Braun and loses puck.
19:03 of 3rd period - Shot by Evgeni Malkin.
19:03 of 3rd period - Stopped by Philipp Grubauer without a rebound.
19:04 of 3rd period - Patrick Kane wins face-off versus Paul Stastny in Panthers zone.
19:45 of 3rd period - Shot by John Klingberg.
19:45 of 3rd period - Stopped by Philipp Grubauer without a rebound.
19:46 of 3rd period - Sidney Crosby wins face-off versus Matt Duchene in Panthers zone.
19:51 of 3rd period - Shot by Sidney Crosby.
19:51 of 3rd period - Stopped by Philipp Grubauer without a rebound.
19:52 of 3rd period - Sidney Crosby wins face-off versus Matt Duchene in Panthers zone.
19:54 of 3rd period - Evgeni Malkin is hit by Justin Braun and loses puck.
19:58 of 3rd period - Minor Penalty to Evgeni Malkin for Roughing.
19:59 of 3rd period - Matt Duchene wins face-off versus Paul Stastny in Stars zone.
Goals for this period are 1 for Stars vs 0 for Panthers.
Shots for this period are 13 for Stars vs 9 for Panthers.